 Dungeon Crawl Stone Soup version 0.25-a0-663-gace7076f2c (webtiles) character file.

Game seed: 11361061367933767338, levelgen mode: deterministic

2893 tilp the Slinger (level 10, -4/61 HPs)
             Began as a Halfling Warper on Mar 24, 2020.
             Was a Believer of Hepliaklqana.
             Slain by an orc knight
             ... wielding a +0 broad axe
              (19 damage)
             ... in a bailey.
             The game lasted 00:23:39 (8293 turns).

tilp the Slinger (Halfling Warper)                  Turns: 8293, Time: 00:23:40

Health: -4/61      AC:  4    Str: 13    XL:     10   Next: 5%
Magic:  9/13       EV: 19    Int: 11    God:    Hepliaklqana [**....]
Gold:   177        SH:  5    Dex: 17    Spells: 9/13 levels left

rFire    . . .     SeeInvis .   a - +0 hunting sling
rCold    + . .     Gourm    .   (shield restricted)
rNeg     . . .     Faith    .   g - +0 leather armour
rPois    .         Spirit   .   (no helmet)
rElec    .         Reflect  +   (no cloak)
rCorr    .         Harm     .   w - +0 pair of gloves
MR       .....                  (no boots)
Stlth    ++........             z - amulet of Iteku {Reflect +Fly rC+ SH+5 Stlth+}
HPRegen  0.20/turn              s - +1 ring of slaying
MPRegen  0.13/turn              (no ring)

@: very slightly contaminated
A: small, reduced essence, mutation resistance 1
a: Recall Ancestor, Ancestor Identity, Renounce Religion, Evoke Flight


You were in a bailey.
You worshipped Hepliaklqana.
Hepliaklqana was pleased with you.
You were hungry.

You visited 1 branch of the dungeon, and saw 7 of its levels.
You also visited: Sewer and Bailey.

You collected 177 gold pieces.

Inventory:

Hand Weapons
 a - a +0 hunting sling (weapon)
 b - a +2 dagger of speed
Missiles
 c - 81 poisoned darts
 e - 16 boomerangs of dispersal
 h - 102 stones
 l - 7 sling bullets (quivered)
Armour
 g - a +0 leather armour (worn)
 w - a +0 pair of gloves (worn)
 y - a +0 chain mail
Jewellery
 s - a +1 ring of slaying (left hand)
 z - the amulet of Iteku (around neck) {Reflect +Fly rC+ SH+5 Stlth+}
   (You found it on level 5 of the Dungeon)

   [amulet of reflection]

   It shields you and reflects attacks.
   It protects you from cold.
   It lets you fly.
   It affects your SH (+5).
   It makes you more stealthy.
Wands
 x - a wand of random effects (17)
 B - a wand of disintegration (21)
Scrolls
 d - 3 scrolls of blinking
 j - a scroll of remove curse
 k - a scroll of vulnerability {unknown}
 m - 6 scrolls of teleportation
 o - a scroll of fog {unknown}
 t - a scroll of noise {unknown}
 u - a scroll of random uselessness {unknown}
 v - a scroll of immolation {unknown}
 C - a scroll of enchant weapon {unknown}
 E - a scroll of identify
Potions
 i - 4 potions of ambrosia
 p - a potion of stabbing
 q - 2 potions of haste
 r - a potion of heal wounds
 A - 2 potions of flight
 D - a potion of brilliance {unknown}
Comestibles
 f - 9 rations
 n - 9 chunks of flesh


   Skills:
 - Level 6.0 Fighting
 - Level 2.4 Short Blades
 - Level 12.0 Slings
 - Level 1.0(5.4) Throwing
 - Level 1.1 Armour
 - Level 7.1 Dodging
 - Level 2.2 Spellcasting
 - Level 4.1 Translocations
 + Level 2.6 Evocations


You had 9 spell levels left.
You knew the following spells:

 Your Spells              Type           Power        Failure   Level  Hunger
a - Blink                 Tloc           N/A          10%         2    ###....
b - Shroud of Golubria    Chrm/Tloc      #.....       24%         2    ###....

Your spell library contained the following spells:

 Spells                   Type           Power        Failure   Level  Hunger
 Gell's Gravitas          Tloc           ##........   21%         3    ####...
 Lesser Beckoning         Tloc           ##........   21%         3    ####...
 Teleport Other           Tloc           ##......     21%         3    ####...
 Passage of Golubria      Tloc           N/A          54%         4    #####..
 Ice Form                 Ice/Tmut       #.......     98%         4    #####..
 Metabolic Englaciation   Hex/Ice        #.........   100%        5    ######.
 Freezing Cloud           Conj/Ice/Air   #.........   100%        6    #######
 Ozocubu's Refrigeration  Ice            #.........   100%        6    #######
 Simulacrum               Ice/Necr       #.........   100%        6    #######


Dungeon Overview and Level Annotations

Branches:
Dungeon (7/15)             Temple (0/1) D:5           Sewer (visited)
 Bailey (1/1)

Altars:
Elyvilon
Fedhas
Hepliaklqana
Kikubaaqudgha
Ru
Xom
Zin
Beogh

Annotations:
D:4 3 runed translucent doors, MisterT's ghost, novice HOFi
D:5 2 transporters, TimmyIs's ghost, novice DrTm


Innate Abilities, Weirdness & Mutations

You are small and have problems with some larger weapons.
You are somewhat resistant to further mutation.
Your life essence is reduced to manifest your ancestor. (-10% HP)


Message History

The sling bullet closely misses the orc knight.
The sling bullet hits the goblin!
You kill the goblin!
Unknown command.
Casting: Blink (safe; 10% risk of failure)
Confirm with . or Enter, or press ? or * to list all spells.
You blink.
Unknown command.
Firing (i - inventory. (/) - cycle)
l - 8 sling bullets (quivered)
Press: ? - help, Shift-Dir - straight line, f/p - orc knight
Aim: an orc knight, wielding a +0 broad axe and wearing a +0 chain mail (severely wounded)
You shoot a sling bullet. The sling bullet hits the goblin!
You kill the goblin!
Casting: Blink (safe; 10% risk of failure)
Confirm with . or Enter, or press ? or * to list all spells.
You miscast Blink.
You are very lightly contaminated with residual magic.
You catch a glimpse of the back of your own head.
The orc knight hits you with a +0 broad axe!!
You die...

#####'''##### #..'...).'..#
#..'.....'..#
####..#..⌠..#..####
#..)..#.....#.....# ≈
#)8)).#.....#...8R# ≈≈
#..).)#######.....# ≈≈≈
#)8.###########R8.# ≈ ≈≈≈≈
#..()......@og§...# ≈≈≈
≈≈≈≈.#.8...........(.8.#.≈≈≈≈
≈≈≈≈.')......._....)(..'.≈≈≈≈
≈≈≈≈.##'#...(......(#)##.≈≈≈≈
≈≈≈≈.#.)#############)(# ≈≈≈≈
≈≈≈≈ #..#))..' '.g[[#(.# ≈≈≈
≈≈≈≈ #..#))..#.#..[[#..# ≈
≈≈≈ #..###### ######..# ≈≈≈
#..'.....∩ +..#


You could see the friendly Octavia the hexer, an orc knight and 2 gnolls.

Vanquished Creatures
  An orc knight (Bailey)
  An orc sorcerer (Bailey)
  A kobold demonologist (Bailey)
  An ice beast (D:6)
  An orc warrior (Bailey)
  A phantom (D:4)
  A sky beast (D:4)
  2 centaurs
  A big kobold (D:6)
  A bullfrog (Sewer)
  An electric eel (Bailey)
  A crimson imp (D:6)
  2 hounds
  A bullfrog skeleton (D:6)
  3 orc wizards
  An iguana (D:5)
  2 worker ants
  5 gnolls
  8 adders
  7 oozes
  An adder skeleton (D:5)
  A worm (D:4)
  3 dart slugs
  12 leopard geckos
  14 orcs
  A bat zombie (D:2)
  13 giant cockroaches
  18 goblins
  12 hobgoblins
  6 jackals
  2 quokkas
  16 ball pythons
  6 bats
  21 frilled lizards
  A jackal skeleton (D:4)
  14 kobolds
  A leopard gecko skeleton (D:4)
  6 rats
  2 rat zombies (D:2)
192 creatures vanquished.

Vanquished Creatures (collateral kills)
  An orc warrior (Bailey)
  A sky beast (D:6)
  An ice beast (D:6)
  A bullfrog (Sewer)
  An orc priest (D:5)
  A bullfrog skeleton (D:5)
  2 orc wizards
  An adder (D:3)
  3 oozes
  2 leopard geckos
  8 orcs
  2 ball pythons (Sewer)
  4 giant cockroaches
  2 goblins (Bailey)
  3 hobgoblins (Bailey)
  A jackal (D:4)
  5 frilled lizards
  A kobold (D:6)
  A leopard gecko skeleton (D:5)
41 creatures vanquished.

Vanquished Creatures (others)
  2 hexers (Bailey)
  An ancestor (D:3)
  A plant (D:3)
4 creatures vanquished.

Grand Total: 237 creatures vanquished

Notes
Turn   | Place    | Note
-------+----------+-------------------------------------------
     0 | D:1      | tilp the Halfling Warper began the quest for the Orb.
     0 | D:1      | Reached XP level 1. HP: 14/14 MP: 3/3
    84 | D:1      | Reached skill level 1 in Slings
    84 | D:1      | Reached XP level 2. HP: 19/19 MP: 4/4
    88 | D:1      | Learned a level 2 spell: Blink
    91 | D:1      | Learned a level 2 spell: Shroud of Golubria
   467 | D:1      | Reached skill level 2 in Slings
   479 | D:1      | Reached XP level 3. HP: 25/25 MP: 5/5
  1143 | D:1      | Reached skill level 3 in Slings
  1143 | D:1      | Reached XP level 4. HP: 31/31 MP: 6/6
  1363 | D:2      | Found a hazy altar of Hepliaklqana.
  1466 | D:2      | Found a blossoming altar of Fedhas.
  1688 | D:2      | Found a sacrificial altar of Ru.
  1718 | D:2      | Reached skill level 4 in Slings
  1718 | D:2      | Reached XP level 5. HP: 27/36 MP: 4/7
  2292 | D:2      | Found an ancient bone altar of Kikubaaqudgha.
  2397 | D:2      | Became a worshipper of Hepliaklqana the Forgotten
  2729 | D:3      | Reached skill level 5 in Slings
  2729 | D:3      | Reached XP level 6. HP: 27/38 MP: 1/8
  3345 | D:3      | Reached skill level 6 in Slings
  3417 | D:4      | Found a glowing drain.
  3611 | Sewer    | Entered a sewer
  3815 | Sewer    | Reached skill level 7 in Slings
  3983 | Sewer    | Reached XP level 7. HP: 43/43 MP: 9/9
  4044 | Sewer    | Reached skill level 8 in Slings
  4347 | D:4      | Found a glowing silver altar of Zin.
  4714 | D:4      | Reached * piety under Hepliaklqana
  4762 | D:4      | Reached skill level 9 in Slings
  5050 | D:4      | Found a runed translucent gate.
  5050 | D:4      | Noticed MisterT's ghost (novice HOFi)
  5051 | D:4      | Found a runed translucent gate.
  5053 | D:4      | Found a runed translucent gate.
  5055 | D:4      | Found a roughly hewn altar of Beogh.
  5056 | D:4      | Identified the +5 dagger of the Lair of Beasts {drain,
                  | Fragile rElec MR++}
  5056 | D:4      | Identified the cursed +0 ring mail of Nepsinn {+Fly Stlth+}
  5291 | D:5      | Entered Level 5 of the Dungeon
  5309 | D:4      | Reached skill level 10 in Slings
  5309 | D:4      | Reached XP level 8. HP: 37/48 MP: 3/10
  5498 | D:5      | Reached skill level 11 in Slings
  5842 | D:5      | Got a faintly glowing graven amulet
  5843 | D:5      | Identified the amulet of Iteku {Reflect +Fly rC+ SH+5
                  | Stlth+} (You found it on level 5 of the Dungeon)
  5873 | D:5      | Found a staircase to the Ecumenical Temple.
  5967 | D:5      | Found a shimmering altar of Xom.
  6040 | D:5      | Found a transporter.
  6084 | D:5      | Found a white marble altar of Elyvilon.
  6181 | D:5      | Found a transporter.
  6183 | D:5      | Noticed TimmyIs's ghost (novice DrTm)
  6391 | D:6      | Reached skill level 12 in Slings
  6893 | D:6      | Reached ** piety under Hepliaklqana
  7117 | D:6      | Reached XP level 9. HP: 54/54 MP: 11/11
  7130 | D:6      | Reached skill level 5 in Fighting
  7131 | D:6      | Remembered your ancestor Octavia as a hexer
  7137 | D:6      | Found a white marble altar of Elyvilon.
  7419 | D:7      | Found a flagged portal.
  7428 | Bailey   | Entered a bailey
  7631 | Bailey   | Noticed an orc knight
  7669 | Bailey   | Killed an orc knight
  7669 | Bailey   | Reached skill level 5 in Dodging
  7914 | Bailey   | Found an iron altar of Okawaru.
  7914 | Bailey   | Noticed an orc sorcerer
  7914 | Bailey   | Noticed a kobold demonologist
  7931 | Bailey   | Noticed a red devil
  7943 | Bailey   | Killed an orc sorcerer
  8093 | Bailey   | Killed a kobold demonologist
  8149 | Bailey   | Reached skill level 1 in Evocations
  8149 | Bailey   | Reached XP level 10. HP: 54/61 MP: 13/13
  8254 | Bailey   | Noticed an orc knight
  8293 | Bailey   | Slain by an orc knight

Levels and vault maps discovered:
D:1:      dpeg_arrival_three_same_balls, layout_loops_corners
D:2:      layout_loops_ring, lemuel_zombie_altar_kikubaaqudgha,
          lemuel_crystal_altar, nicolae_ru_great_annihilating_truth,
          lemuel_crystal_altar, first_ration
D:3:      layout_rooms, serial_bayou_pond_c, skrybe_limestone_x,
          minmay_misc_feat_iff, kennysheep_generic_room_15
D:4:      layout_basic, zin_academy, biasface_ghost_orc_armoury,
          portal_sewer_entry_b
D:5:      layout_basic, kennysheep_mini_moat, minmay_temple_entry_wispy,
          gammafunk_ghost_stat_death, elyvilon_altar_3
D:6:      layout_rooms, lemuel_coloured_pillars_altar, minmay_unpleasant_kobolds
D:7:      layout_cave_pools, kennysheep_little_box, old_standard_altar,
          enter_bailey_2
Bailey:   bailey_axe_of_yendor_kennysheep, bailey

Skill      XL: |  1  2  3  4  5  6  7  8  9 10 |
---------------+-------------------------------+-----
Fighting       | 2 3 4 6 |  6.0
Slings         | 1 2 3 4 5 7 10 12 | 12.0
Dodging        | 4 7 |  7.1
Spellcasting   | 2 |  2.2
Translocations | 4 |  4.1
Evocations     | 1 2 |  2.6
Short Blades   | |  2.4
Throwing       | |  1.0
Armour         | |  1.1

Action                   |  1- 3 |  4- 6 |  7- 9 | 10-12 || total
-------------------------+-------+-------+-------+-------++-------
Melee: Short sword       |     3 |     1 |       |       ||     4
       Dagger            |       |       |     5 |       ||     5
 Fire: Hunting sling     |    80 |   395 |   394 |    42 ||   911
 Cast: Blink             |     1 |     8 |     7 |     1 ||    17
Invok: Recall Ancestor   |       |     2 |     1 |       ||     3
       Ancestor Identity |       |     1 |       |       ||     1
       Ancestor Life: He |       |       |     1 |       ||     1
  Use: Scroll            |       |     5 |     4 |       ||     9
       Potion            |       |     1 |       |       ||     1
  Eat: Chunk             |     1 |     9 |    13 |       ||    23
Armor: Leather armour    |     3 |    45 |    29 |     1 ||    78
Dodge: Dodged            |    21 |   139 |   104 |    13 ||   277
Block: Other             |       |       |    14 |     5 ||    19

Table legend:
 A = Non-vault XP
 B = Vault XP
 C = Vault XP percentage of total XP
 D = Non-vault monster count
 E = Vault monster count
 F = Vault count percentage of total count
                 A         B        C        D         E       F
            +---------+---------+-------+---------+---------+-------
      Total |    1662 |    2472 |  59.8 |     123 |     110 |  47.2
            +---------+---------+-------+---------+---------+-------
        D:1 |      77 |       0 |   0.0 |      30 |       0 |   0.0
        D:2 |      47 |      59 |  55.7 |      23 |       7 |  23.3
        D:3 |     131 |      47 |  26.4 |      17 |       2 |  10.5
        D:4 |     325 |       7 |   2.1 |      18 |       3 |  14.3
        D:5 |     361 |       0 |   0.0 |      16 |       0 |   0.0
        D:6 |     712 |      99 |  12.2 |      16 |       6 |  27.3
        D:7 |       9 |       0 |   0.0 |       3 |       0 |   0.0
      Sewer |       0 |     337 | 100.0 |       0 |      63 | 100.0
     Bailey |       0 |    1923 | 100.0 |       0 |      29 | 100.0
            +---------+---------+-------+---------+---------+-------
